 Dungeon Crawl Stone Soup version 0.21.1-1-g345015f (webtiles) character file.

12 tidbits the Grave Robber (level 2, 19/20 HPs)
             Began as a Gnoll Necromancer on June 29, 2018.
             Was a Follower of Jiyva.
             Quit the game on level 2 of the Dungeon.
             The game lasted 00:01:21 (177 turns).

tidbits the Grave Robber (Gnoll Necromancer)         Turns: 177, Time: 00:01:22

Health: 19/20      AC:  2    Str: 10    XL:     2   Next: 33%
Magic:  7/7        EV: 14    Int: 17    God:    Jiyva [*.....]
Gold:   0          SH:  0    Dex: 15    Spells: 9/10 levels left

rFire    . . .     SeeInvis .   i - -1 dagger (curse)
rCold    . . .     Gourm    .   (no shield)
rNeg     . . .     Faith    .   a - +0 robe
rPois    .         Spirit   .   (no helmet)
rElec    .         Reflect  .   (no cloak)
rCorr    .         Harm     .   (no gloves)
MR       .....                  (no boots)
Stlth    +++.......             (no amulet)
HPRegen  0.06/turn              (no ring)
MPRegen  0.10/turn              (no ring)

@: no status effects
A: distributed training, fangs 1, strong nose
a: Request Jelly, Renounce Religion


You were on level 2 of the Dungeon.
You worshipped Jiyva.
Jiyva was aware of your devotion.
You were not hungry.

You visited 1 branch of the dungeon, and saw 2 of its levels.

Inventory:

Hand Weapons
 h - a +0 club
 i - a cursed -1 dagger (weapon)
 j - a +0 falchion
Armour
 a - a +0 robe (worn)
Scrolls
 e - a scroll of identify {unknown}
 g - a scroll of remove curse {unknown}
Potions
 d - 5 potions of curing {unknown}
 f - a potion of haste {unknown}
 k - a potion of cancellation {unknown}
Books
 b - a book of Necromancy

   Spells                             Type                      Level
   a - Pain                           Necromancy                   1
   b - Animate Skeleton               Necromancy                   1
   c - Vampiric Draining              Necromancy                   3
   d - Regeneration                   Charms/Necromancy            3
   e - Animate Dead                   Necromancy                   4
   f - Borgnjor's Vile Clutch         Necromancy/Earth             5
Comestibles
 c - 2 rations


   Skills:
 + Level 0.3 Fighting
 + Level 0.3 Short Blades
 + Level 0.3 Long Blades
 + Level 0.3 Axes
 + Level 0.3 Maces & Flails
 + Level 0.3 Polearms
 + Level 0.3 Staves
 + Level 0.3 Slings
 + Level 0.3 Bows
 + Level 0.3 Crossbows
 + Level 0.3 Throwing
 + Level 0.3 Armour
 + Level 4.4 Dodging
 + Level 4.0 Stealth
 + Level 0.3 Shields
 + Level 0.3 Unarmed Combat
 + Level 4.9 Spellcasting
 + Level 0.2 Conjurations
 + Level 0.2 Hexes
 + Level 0.2 Charms
 + Level 0.2 Summonings
 + Level 7.0 Necromancy
 + Level 0.2 Translocations
 + Level 0.2 Transmutations
 + Level 0.2 Fire Magic
 + Level 0.2 Ice Magic
 + Level 0.2 Air Magic
 + Level 0.2 Earth Magic
 + Level 0.2 Poison Magic
 + Level 0.4 Invocations
 + Level 0.3 Evocations


You had 9 spell levels left.
You knew the following spells:

 Your Spells              Type           Power        Failure   Level  Hunger
a - Pain                  Necr           ####         1%          1    None


Dungeon Overview and Level Annotations

Branches:
Dungeon (2/15)

Altars:
Jiyva


Innate Abilities, Weirdness & Mutations

Your experience applies equally to all skills.
You have very sharp teeth.
Your uncanny sense of smell can sniff out nearby items.


Message History

You open the door.
You see here a lumpy black potion.
f - a lumpy black potion You see here a scroll labeled ENNOMY ZA UPAY.
g - a scroll labeled ENNOMY ZA UPAY
Things that are here:
a club; a hobgoblin corpse
h - a club You see here a robe.
A rat comes into view.
A kobold comes into view. It is wielding a club.
Found 7 stones.
There is a stone staircase leading down here.
Unknown command.
Casting: Pain
Confirm with . or Enter, or press ? or * to list all spells.
Aiming: Pain
Press: ? - help, Shift-Dir - straight line, f - rat
Aim: a rat (chance to defeat MR: 93%)
The rat writhes in agony!
You kill the rat!
You have reached level 2!
Casting: Pain
Confirm with . or Enter, or press ? or * to list all spells.
Aiming: Pain
Press: ? - help, Shift-Dir - straight line, f - kobold
Aim: a kobold, wielding a club (chance to defeat MR: 93%)
The kobold writhes in agony!
You kill the kobold!
Found a dagger and 29 stones.
You see here a glowing dagger.
i - a glowing dagger Wield which item (- for none, * to show all)? (? for menu, Esc to quit)
It sticks to your hand!
i - a cursed -1 dagger (weapon)
Found 15 gold pieces.
Things that are here:
a club; a kobold corpse
There is a stone staircase leading down here.
You climb downwards.
A bat comes into view.
Found 11 stones.
There is a stone staircase leading up here.
The helpless bat fails to defend itself.
You puncture the bat!
You kill the bat!
You open the door.
A leopard gecko comes into view.
There is an open door here.
Found a falchion.
The helpless leopard gecko fails to defend itself.
You puncture the leopard gecko!
You kill the leopard gecko!
You see here a leopard gecko corpse.
You see here a falchion.
j - a falchion
Found an escape hatch in the ceiling.
Unknown command.
Found a stone staircase leading up.
There is an escape hatch in the ceiling here.
There is a stone staircase leading up here.
You climb upwards.
Found a robe.
There is a stone staircase leading down here.
Unknown command.
Found a ration.
You see here a ration.
c - 2 rations (gained 1)
There is a stone staircase leading down here.
You climb downwards.
There is a stone staircase leading up here.
Unknown command.
Found a puce potion.
Unknown command.
Found 14 poisoned needles.
You see here a puce potion.
k - a puce potion
Found a faded altar of an unknown god.
Unknown command.
Found 2 murky green potions.
A ball python comes into view.
Found 2 murky green potions.
You see here 2 murky green potions.
d - 3 murky green potions (gained 2)
The helpless ball python fails to defend itself.
You puncture the ball python!
You kill the ball python!
You see here 2 murky green potions.
d - 5 murky green potions (gained 2)
There is a faded altar of an unknown god here.
You cannot tell which god this altar belongs to.
Convert to them anyway?
Okay, then.
You aren't carrying any pieces of jewellery.
Unknown command.
Press < or > to pray at altars.
You cannot tell which god this altar belongs to.
Convert to them anyway?
Jiyva accepts your prayer! Jiyva welcomes you! Jiyva grants you a jelly!
You can now request a jelly.
Are you sure you want to abandon this character and quit the game? (Confirm with "yes".)

## .. ## #. .# #.## #.#
##..###..## #.........#
#....#†...# #...#.#...#
#.###..#.@.#.
#.......#.#.......
#####..(.#J...###..
#............# #..
#.##.........# #..####
#.##.#.#########...(.
#.##.#.## ##.....##
#.##....## ##.......##
###.####...####.........###


You could see a neutral jelly (fellow slime).

Vanquished Creatures
  A leopard gecko (D:2)
  A ball python (D:2)
  A giant cockroach (D:1)
  A goblin (D:1)
  2 hobgoblins (D:1)
  2 bats
  A kobold (D:1)
  A rat (D:1)
10 creatures vanquished.

Notes
Turn   | Place    | Note
-------+----------+-------------------------------------------
     0 | D:1      | tidbits the Gnoll Necromancer began the quest for the Orb.
     0 | D:1      | Reached XP level 1. HP: 13/13 MP: 6/6
    54 | D:1      | Reached XP level 2. HP: 13/19 MP: 3/7
   157 | D:2      | Found a faded altar of an unknown god.
   176 | D:2      | Became a worshipper of Jiyva Joiblep the Shapeless
   176 | D:2      | Reached * piety under Jiyva
   177 | D:2      | Quit the game

Action                   || total
-------------------------++-------
Melee: Dagger            ||     3
 Cast: Pain              ||     8
 Stab: Sleeping          ||     3

Table legend:
 A = Turns spent in this place as a percentage of turns spent in the entire game.
 B = Non-inter-level travel turns spent in this place as a percentage of non-inter-level travel turns spent in the entire game.
 C = Inter-level travel turns spent in this place as a percentage of turns spent in this place.
 D = Turns resting spent in this place as a percentage of non-inter-level travel turns spent in this place.
 E = Turns spent auto-exploring this place as a percentage of non-inter-level travel turns spent in this place.
 F = Non-inter-level travel turns spent in this place divided by the number of levels of this place that you've seen.
                   A       B       C       D       E      F
               +-------+-------+-------+-------+-------+----------------------
         Total | 100.0 | 100.0 |   3.4 |   0.0 |   0.0 |  85.5
       Dungeon | 100.0 | 100.0 |   3.4 |   0.0 |   0.0 |  85.5
               +-------+-------+-------+-------+-------+----------------------

Table legend:
 A = Kills in this place as a percentage of kills in entire the game.
 B = Kills by you in this place as a percentage of kills by you in the entire game.
 C = Kills by friends in this place as a percentage of kills by friends in the entire game.
 D = Other kills in this place as a percentage of other kills in the entire game.
 E = Experience gained in this place as a percentage of experience gained in the entire game.
 F = Experience gained in this place divided by the number of levels of this place that you have seen.
                   A       B       C       D       E      F
               +-------+-------+-------+-------+-------+----------------------
         Total | 100.0 | 100.0 |   N/A |   N/A | 100.0 |   9.0
       Dungeon | 100.0 | 100.0 |   N/A |   N/A | 100.0 |   9.0
               +-------+-------+-------+-------+-------+----------------------

Vault maps used:
D:1:      dpeg_arrival_tiny_a
D:2:      chequers_ecumenical_altar_simple_redux, minmay_bisected, uniq_sigmund,
          uniq_terence, uniq_robin
